AoeStats
← kV0t3

Arabia

508365209Analyzed
1v1 RM · 10d ago on Sep 22, 2026· 67m 49s· 2 players
Game mode
Random Map
Map size
Tiny (2 player)
Population
200
Speed
Normal
Resources
Standard
Victory
Conquest
Starting age
Dark Age
Ending age
Imperial Age
RankedLock teamsTeams togetherTeam positionsShared explorationLock speedFull tech treeHidden civsTurbo modeCheats
Victory
Defeat
🇦🇷 Japanese · Argentina
1199
+15
🇺🇸 Khmer · United States
1170
-15
Hingle_McCringleberry
7:49 Loom
10:28 Feudal Age
11:57 Horse Collar
14:32 Horse Collar
17:29 Fletching
22:05 Castle Age
20:11 Padded Archer Armor
20:39 Gold Mining
22:14 Scale Barding Armor
22:19 Forging
23:04 Bloodlines
26:02 Husbandry
32:38 Chain Barding Armor
32:25 Double-Bit Axe
42:46 Iron Casting
47:18 Wheelbarrow
50:22 Imperial Age
50:27 Heavy Scorpion
52:40 Conscription
53:43 Town Watch
54:14 Hand Cart
53:30 Light Cavalry
55:04 Plate Barding Armor
55:30 Blast Furnace
55:05 Hussar
58:01 Bow Saw
59:44 Heavy Plow
kV0t3
0:25 Loom
9:40 Feudal Age
10:31 Man-at-Arms
14:21 Double-Bit Axe
15:56 Wheelbarrow
21:11 Castle Age
20:08 Padded Archer Armor
20:43 Fletching
21:55 Bodkin Arrow
21:53 Crossbowman
23:58 Bow Saw
26:03 Ballistics
26:17 Gold Mining
26:12 Horse Collar
28:36 Gold Shaft Mining
43:22 Imperial Age
40:59 Gambesons
41:14 Squires
42:05 Scale Mail Armor
42:15 Forging
42:02 Guard Tower
42:22 Fortified Wall
42:15 Pikeman
43:51 Chain Mail Armor
45:22 Halberdier
46:33 Plate Mail Armor
48:18 Iron Casting
47:43 Bracer
49:11 Stone Mining
49:22 Heavy Plow
50:57 Redemption
51:04 Leather Archer Armor
51:50 Blast Furnace
52:51 Ring Archer Armor
53:22 Chemistry
52:33 Masonry
52:41 Scale Barding Armor
53:35 Bloodlines
52:47 Light Cavalry
53:55 Husbandry
54:53 Keep
54:32 Yasama
54:45 Town Watch
55:15 Hand Cart
56:04 Two-Man Saw
58:31 Chain Barding Armor
58:47 Conscription
58:47 Siege Engineers
58:23 Treadmill Crane
61:49 Arson
61:29 Elite Samurai
62:26 Town Patrol
66:24 Long Swordsman
67:05 Two-Handed Swordsman
Connection lost

Rejoining the realm…

Still unreachable

The connection could not be restored.

Session expired

The server has moved on; the page needs a fresh start.